 Dungeon Crawl Stone Soup version 0.29-a0-384-g6960b1960d (webtiles) character file.

Game seed: 1311915383053604379

536 zeratav the Skirmisher (level 7, -1/52 HPs)
             Began as an Octopode Transmuter on May 7, 2022.
             Slain by a jelly (2 damage)
             ... on level 5 of the Dungeon.
             The game lasted 00:07:18 (4726 turns).

zeratav the Skirmisher (Octopode Transmuter)        Turns: 4726, Time: 00:07:19

Health: -1/52      AC: -15   Str:  9    XL:     7   Next: 25%
Magic:  10/10      EV: 13    Int: 17    God:
Gold:   87         SH:  0    Dex: 13    Spells: 9/10 levels left

rFire   . . .      SeeInvis .     - Unarmed
rCold   . . .      Faith    .   (no shield)
rNeg    . . .      Spirit   .   (helmet currently unavailable)
rPois   .          Reflect  .   (no amulet)
rElec   .          Harm     .   b - +4 ring of protection
rCorr   .          Rampage  .   (no ring)
Will    .....                   (no ring)
Stlth   ++........              (no ring)
HPRegen 0.17/turn               (no ring)
MPRegen 0.12/turn               (no ring)
                                (no ring)
                                (no ring)

@: appendages (expiring), corroded
A: tentacle spike 3, almost no armour, amphibious, 8 rings, camouflage 1,
gelatinous body 1, (nimble swimmer 1), tentacles
a: End Transformation


You were on level 5 of the Dungeon.
One of your tentacles had grown a beastly spike.
You visited 1 branch of the dungeon, and saw 5 of its levels.

You collected 87 gold pieces.


Innate Abilities, Weirdness & Mutations

One of your tentacles has grown a beastly spike.
You cannot wear most types of armour.
You are amphibious.
You can wear up to eight rings at the same time.
Your skin changes colour to match your surroundings (Stealth+).
Your rubbery body absorbs attacks. (AC +1, EV +1)
((You are camouflaged when in or above water. (Stealth+)))
You have tentacles for arms and can constrict up to eight enemies at once.


   Skills:
 + Level 6.1 Fighting
 - Level 2.0 Dodging
 - Level 3.0 Unarmed Combat
 - Level 2.0 Spellcasting
 + Level 4.6 Transmutations


You had 9 spell levels left.
You knew the following spells:

 Your Spells              Type           Power      Damage    Failure   Level
a - Beastly Appendage     Tmut           34%        N/A       3%          1

Your spell library contained the following spells:

 Spells                   Type           Power      Damage    Failure   Level
 Wereblood                Tmut           17%        N/A       4%          2
 Sting                    Tmut/Pois      36%        1d4       8%          1
 Passwall                 Tmut/Erth      7%         N/A       12%         2
 Sandblast                Erth           2%         2d4       19%         1
 Spider Form              Tmut/Pois      9%         N/A       22%         3
 Poisonous Vapours        Pois/Air       2%         N/A       28%         2
 Sublimation of Blood     Necr           1%         N/A       28%         2
 Stone Arrow              Conj/Erth      2%         3d7       50%         3
 Ice Form                 Ice/Tmut       9%         N/A       58%         4
 Petrify                  Tmut/Erth      9%         N/A       58%         4
 Olgreb's Toxic Radiance  Pois           1%         N/A       88%         4
 Irradiate                Conj/Tmut      4%         3d14      91%         5
 Malign Gateway           Summ/Tloc      0%         N/A       100%        7
 Summon Horrible Things   Summ           0%         N/A       100%        8

Inventory:

Jewellery
 b - a +4 ring of protection (left tentacle)
   (You found it on level 1 of the Dungeon)
 j - an amulet of guardian spirit
   (You found it on level 2 of the Dungeon)
Scrolls
 d - 6 scrolls of identify {unknown}
 e - a scroll of vulnerability {unknown}
 g - a scroll of immolation {unknown}
 i - a scroll of poison {unknown}
 m - a scroll of torment {unknown}
 n - a scroll of summoning {unknown}
Potions
 a - 3 potions of lignification {!q}
 c - 2 potions of heal wounds {unknown}
 f - a potion of might {unknown}
 h - 4 potions of degeneration {unknown}
 k - 2 potions of curing {unknown}
 l - a potion of mutation {unknown}

Dungeon Overview and Level Annotations

Branches:
Dungeon (5/15)
 Temple: D:4-7

Altars:

Shops:
D:3 (

Annotations:
D:2 Sigmund
D:3 1 runed translucent door, Crazy Yiuf

## .# #. .. #.
.#.# #. .#.# ..#
##.#.#.## #.#
#.......# #.#
#..J....# ###.#
#..@....# ..#.#
#.#...#.# #.#.#
#.#.#.#.# #.#.#
#.......# ...<#
######.....###
#.### #........###
#.# #.#####..#
..#######.#####..#
.............##..#


You could see a jelly.


Message History

You barely miss Natasha.
You pierce Natasha.
You squeeze Natasha. You constrict Natasha.
You kill Natasha!
You feel Natasha's spirit has finally been put to rest.
No target in view!
No target in view!
No target in view!
No target in view!
No target in view!
No target in view!
No target in view!
No target in view!
No target in view!
No target in view!
No target in view!
No target in view!
No target in view!
No target in view!
Your transformation is almost over.
Your tentacle spike disappears.
There is an open door here.
There is an open door here.
Done exploring.
MP[+1]
Your mp is fully restored (10).
Done exploring.
Unknown command.
Done exploring.
Done exploring.
(D) Dungeon
Where to? (Enter - D:4, ? - help)
There is a stone staircase leading down here.
You climb downwards.
There is a stone staircase leading up here.
You now have 87 gold pieces (gained 15).
An adder comes into view.
One of your tentacles grows a vicious spike.
MP[-1]
You lost 1 mp, and now have 9/10 mp.
The adder hisses angrily.
A jelly comes into view.
The adder bites you.
HP[-4]
You take 4 damage, and now have 48/52 hp.
You completely miss the adder. Your grab misses the adder.
Your tentacle spike misses the adder.
Your squeeze misses the adder. The adder bites you but does no damage.
You miss the adder. Your grab misses the adder. You squeeze the adder!
The adder closely misses you.
You closely miss the adder. You grab the adder.
You pierce the adder.
You constrict the adder. The adder closely misses you.
You barely miss the adder. You constrict the adder.
You kill the adder!
HP[+1] MP[+1]
Your mp is fully restored (10).
The jelly quivers.
You tentacle-slap the jelly. The acid corrodes you!
Your tentacles burn!
Your squeeze misses the jelly. The jelly barely misses you.
HP[-5]
You take 5 damage, and now have 44/52 hp.
You tentacle-slap the jelly but do no damage.
The acid corrodes you!
Your tentacles burn!
You pierce the jelly, but do no damage.
You squeeze the jelly. The jelly hits you. The acid corrodes you!
You are splashed with acid.
HP[-9]
You take 9 damage, and now have 35/52 hp.
You are too injured to fight recklessly!
You are too injured to fight recklessly!
You are too injured to fight recklessly!
You are too injured to fight recklessly!
You are too injured to fight recklessly!
You are too injured to fight recklessly!
You are too injured to fight recklessly!
You are too injured to fight recklessly!
You tentacle-slap the jelly but do no damage.
Your tentacles burn!
The jelly misses you.
You tentacle-slap the jelly but do no damage.
Your tentacles burn!
The jelly hits you.
You are splashed with acid!
* * * LOW HITPOINT WARNING * * *
HP[-15]
You take 15 damage, and now have 20/52 hp.
MASSIVE DAMAGE!! (PAUSE)
You tentacle-slap the jelly but do no damage.
Your tentacles burn!
* * * LOW HITPOINT WARNING * * *
You squeeze the jelly. The jelly hits you.
* * * LOW HITPOINT WARNING * * *
The acid corrodes you!
You are splashed with acid!
* * * LOW HITPOINT WARNING * * *
HP[-14]
You take 14 damage, and now have 6/52 hp.
MASSIVE DAMAGE!! (PAUSE)
You tentacle-slap the jelly but do no damage.
The acid corrodes you!
Your tentacles burn!
* * * LOW HITPOINT WARNING * * *
Your tentacle spike misses the jelly.
Your transformation is almost over.
The jelly hits you.
You die...

Skill      XL: |  1  2  3  4  5  6  7 |
---------------+----------------------+-----
Fighting       | 2 3 4 5 6 |  6.1
Transmutations | 3 4 |  4.6
Dodging        | |  2.0
Unarmed Combat | |  3.0
Spellcasting   | |  2.0

Action                   |  1- 3 |  4- 6 |  7- 9 || total
-------------------------+-------+-------+-------++-------
Melee: Unarmed           |    73 |   166 |    19 ||   258
       Kick              |    26 |    41 |     7 ||    74
       Constrict         |    23 |    47 |     3 ||    73
       Tentacles         |    14 |    47 |     8 ||    69
       Punch             |     2 |     2 |       ||     4
 Cast: Beastly Appendage |    19 |    26 |     5 ||    50
 Stab: Sleeping          |     9 |    10 |       ||    19
Armor: Skin              |     9 |    37 |     3 ||    49
Dodge: Dodged            |    38 |    84 |     6 ||   128

Levels and vault maps discovered:
D:1:      scummos_arrival_star, layout_loops_cross
D:2:      layout_basic, ebering_ecumenical_altar_petrified,
          minmay_close_crescents, uniq_sigmund
D:3:      layout_rooms, serial_shops, nicolae_lakefront_shop,
          grunt_ministairs_1, uniq_crazy_yiuf_cottage
D:4:      layout_gridville, uniq_natasha
D:5:      layout_loops_cross, minmay_temple_entry_hall, uniq_blork_the_orc

Notes
Turn   | Place    | Note
-------+----------+-------------------------------------------
     0 | D:1      | zeratav the Octopode Transmuter began the quest for the
                  | Orb.
     0 | D:1      | Reached XP level 1. HP: 13/13 MP: 3/3
     0 | D:1      | magus.rc [v1.9.6]
   251 | D:1      | Reached skill level 2 in Fighting
   251 | D:1      | Reached XP level 2. HP: 19/19 MP: 3/5
   579 | D:1      | You pick up a book of Alchemy and begin reading...
   579 | D:1      | You add the spells Sublimation of Blood, Petrify and
                  | Irradiate to your library.
   665 | D:1      | Reached XP level 3. HP: 23/25 MP: 4/6
   743 | D:1      | Reached skill level 3 in Fighting
   959 | D:2      | Found a faded altar of an unknown god.
   989 | D:2      | Noticed Sigmund
  1140 | D:2      | Reached XP level 4. HP: 32/33 MP: 7/7
  1234 | D:2      | Identified the +1 robe of the Valley of Death {rCorr}
  1471 | D:2      | Reached skill level 4 in Fighting
  1485 | D:2      | You add the spells Sting, Poisonous Vapours and Olgreb's
                  | Toxic Radiance to your library.
  1949 | D:2      | You add the spells Malign Gateway and Summon Horrible
                  | Things to your library.
  2212 | D:3      | Reached XP level 5. HP: 36/38 MP: 6/8
  2283 | D:3      | Found Teleih's Antique Weapon Shop.
  2848 | D:3      | You pick up a book of Geomancy and begin reading...
  2848 | D:3      | You add the spells Sandblast, Passwall and Stone Arrow to
                  | your library.
  2928 | D:3      | Found a runed translucent door.
  2929 | D:3      | Noticed Crazy Yiuf
  2988 | D:4      | Reached skill level 5 in Fighting
  2988 | D:4      | Reached skill level 3 in Transmutations
  3094 | D:4      | Reached XP level 6. HP: 41/45 MP: 7/9
  3192 | D:4      | Noticed Natasha
  3205 | D:4      | Killed Natasha
  3585 | D:4      | HP: 7/45 [something/magic dart (10)]
  3588 | D:4      | Reached skill level 4 in Transmutations
  4072 | D:4      | Noticed Natasha
  4080 | D:4      | Killed Natasha
  4081 | D:4      | Reached XP level 7. HP: 38/51 MP: 8/10
  4166 | D:4      | Reached skill level 6 in Fighting
  4608 | D:4      | Noticed Natasha
  4612 | D:4      | Killed Natasha
  4667 | D:5      | Entered Level 5 of the Dungeon
  4725 | D:5      | HP: 6/52 [acid (9)]
  4726 | D:5      | HP: 1/52 [acid (5)]
  4726 | D:5      | Slain by a jelly

Vanquished Creatures
  2 necrophages (D:4)
  A scorpion (D:4)
  A hound (D:4)
  An iguana (D:4)
  Natasha (thrice) (D:4)
  An orc wizard (D:4)
  10 adders
  An ufetubus (D:4)
  2 worms (D:2)
  2 dart slugs
  4 orcs (D:4)
  12 ball pythons
  9 endoplasms
  4 giant cockroaches
  7 hobgoblins
  8 jackals
  4 kobolds
  4 quokkas
  8 bats
  6 frilled lizards
  12 goblins
  4 rats
106 creatures vanquished.

Vanquished Creatures (others)
  A fungus (D:3)
1 creature vanquished.

Grand Total: 107 creatures vanquished

Table legend:
 A = Non-vault XP
 B = Vault XP
 C = Vault XP percentage of total XP
 D = Non-vault monster count
 E = Vault monster count
 F = Vault count percentage of total count
                 A         B        C        D         E       F
            +---------+---------+-------+---------+---------+-------
      Total |     719 |      47 |   6.1 |     100 |       6 |   5.7
            +---------+---------+-------+---------+---------+-------
        D:1 |      53 |       0 |   0.0 |      33 |       0 |   0.0
        D:2 |      79 |       5 |   6.0 |      24 |       3 |  11.1
        D:3 |      79 |       6 |   7.1 |      20 |       2 |   9.1
        D:4 |     495 |      36 |   6.8 |      22 |       1 |   4.3
        D:5 |      13 |       0 |   0.0 |       1 |       0 |   0.0
            +---------+---------+-------+---------+---------+-------

Illustrated notes

Table legend:
 A = Kills in this place as a percentage of kills in entire the game.
 B = Kills by you in this place as a percentage of kills by you in the entire game.
 C = Kills by friends in this place as a percentage of kills by friends in the entire game.
 D = Other kills in this place as a percentage of other kills in the entire game.
 E = Experience gained in this place as a percentage of experience gained in the entire game.
 F = Experience gained in this place divided by the number of levels of this place that you have seen.
                   A       B       C       D       E      F
               +-------+-------+-------+-------+-------+----------------------
         Total | 100.0 | 100.0 |   N/A |   N/A | 100.0 | 153.2
       Dungeon | 100.0 | 100.0 |   N/A |   N/A | 100.0 | 153.2
               +-------+-------+-------+-------+-------+----------------------

Table legend: (Time is in decaauts)
 A = Elapsed time spent in this place.
 B = Non-inter-level travel time spent in this place.
 C = Inter-level travel time spent in this place.
 D = Time resting spent in this place.
 E = Time spent auto-exploring this place.
 F = Levels seen in this place.
 G = Mean time per level.
                   A        B        C        D        E       F      G
               +--------+--------+--------+--------+--------+-----+--------+
         Total |   4708 |   4389 |    319 |    951 |   2694 |   5 |  941.6 |
       Dungeon |   4708 |   4389 |    319 |    951 |   2694 |   5 |  941.6 |
               +--------+--------+--------+--------+--------+-----+--------+

Top non-repeatable levels by time:
     D:4: 1709 daAuts
     D:2: 1189 daAuts
     D:1: 953 daAuts
     D:3: 797 daAuts
     D:5: 58 daAuts
